 Dungeon Crawl Stone Soup version 0.30-a0-760-g5a9884bb7c (webtiles) character file.

Game seed: 15579116249659184182

74 dolemite99 the Magician (level 4, -10/31 HPs)
             Began as a Djinni Necromancer on Feb 12, 2023.
             Mangled by a hell rat (14 damage)
             ... in a sewer.
             The game lasted 00:04:21 (2587 turns).

dolemite99 the Magician (Djinni Necromancer)        Turns: 2587, Time: 00:04:22

Health: -10/31     AC:  6    Str:  7    XL:     4   Next: 52%
Gold:   106        EV: 12    Int: 24    God:
                   SH:  3    Dex: 14

rFire   + + .      SeeInvis .    m - +0 trident
rCold   x . .      Faith    .    p - +0 buckler
rNeg    + . .      Spirit   .    a - +0 robe
rPois   ∞          Reflect  .    (no helmet)
rElec   +          Harm     .    (no cloak)
rCorr   .          Rampage  .    (no gloves)
Will    .....                    (boots unavailable)
Stlth   ++                       (no amulet)
HPRegen 0.25/turn                w - +4 ring of protection
MPRegen 0.00/turn                y - ring of Hovem {rElec rN+ MP-9 Int+6 Slay+6}

@: flying
A: sickness immunity, fire resistance 2, cold vulnerability 1, float, innate
caster, HP casting, extra vitality 1
a: no special abilities


You were in a sewer.
You visited 1 branch of the dungeon, and saw 3 of its levels.
You also visited: Sewer.

You collected 160 gold pieces.
You spent 54 gold pieces at shops.

Inventory:

Hand Weapons
 k - a +0 dagger of freezing
 l - a +0 sling
 m - a +0 trident (weapon)
 q - a +0 quarterstaff
 r - a +0 spear of venom
 s - a +0 dagger
Missiles
 n - 6 poisoned darts
Armour
 a - a +0 robe (worn)
 f - a +1 pair of boots
 p - a +0 buckler (worn)
Jewellery
 c - a ring of protection from fire
 i - a +5 ring of evasion
 v - a ring of resist corrosion
 w - a +4 ring of protection (left hand)
 y - the ring of Hovem (right hand) {rElec rN+ MP-9 Int+6 Slay+6}
   (You found it on level 3 of the Dungeon)

   [ring of intelligence]

   Int:       It affects your intelligence (+6).
   Slay:      It affects your accuracy & damage with ranged weapons and melee
   (+6).
   rElec:     It insulates you from electricity.
   rN:        It protects you from negative energy.
   MP:        It affects your magic capacity (-9).
Scrolls
 h - 2 scrolls of enchant weapon {unknown}
 j - a scroll of teleportation
 o - a scroll of immolation {unknown}
 t - a scroll of torment {unknown}
 x - a scroll of magic mapping {unknown}
 z - 2 scrolls of identify {unknown}
Potions
 b - 4 potions of magic
 d - 2 potions of invisibility {unknown}
 e - a potion of attraction {unknown}
 g - 2 potions of heal wounds {unknown}
 u - 3 potions of lignification {unknown}
 A - a potion of might {unknown}


   Skills:
 - Level 2.1 Dodging
 - Level 1.5 Stealth
 + Level 4.5 Spellcasting


You couldn't memorise any spells.
You knew the following spells:

 Your Spells              Type           Power      Damage    Failure   Level
a - Necrotise             Necr           100%       1d9       1%          1
b - Vampiric Draining     Necr           27%        2d7       6%          3
c - Animate Dead          Necr           27%        N/A       21%         4
d - Agony                 Necr           27%        N/A       50%         5
e - Freeze                Ice            100%       1d10      1%          1
Your spell library was empty.

Dungeon Overview and Level Annotations

Branches:
Dungeon (3/15)              Sewer (1/1)

Altars:

Shops:
D:2 [


Innate Abilities, Weirdness & Mutations

You are immune to sickness and miasma.
You are immune to poison.
Your flesh is very heat resistant. (rF++)
You are vulnerable to cold. (rC-)
You float through the air rather than walking.
You learn spells naturally, not from books.
Your magical power is your life essence.
You have superior vitality. (+4 MHP)


Message History

You can't see any susceptible monsters within range! (Use Z to cast anyway.) Unknown command.
Your rat skeleton crumbles into dust!
Your rat skeleton bites the hell rat but does no damage.
The hell rat splashes around in the water.
Your rat skeleton bites the hell rat but does no damage.
The hell rat bites your rat skeleton!
Your rat skeleton is destroyed!
Something bites your rat skeleton!
Your rat skeleton is destroyed!
Casting: Necrotise (safe; 1% risk of failure)
Confirm with . or Enter, or press ? or * to list all spells.
You can't see any susceptible monsters within range! (Use Z to cast anyway.)
Casting: Necrotise (safe; 1% risk of failure)
Confirm with . or Enter, or press ? or * to list all spells.
You can't see any susceptible monsters within range! (Use Z to cast anyway.)
You aren't carrying any items that you can evoke.
Unknown command.
Okay, then.
As you read the scroll labelled QUEZOZI IZUTE, it crumbles to dust.
You feel strangely unstable.
It was a scroll of teleportation.
Your surroundings suddenly seem different.
There is an open door here.
Casting: Necrotise (safe; 1% risk of failure)
Confirm with . or Enter, or press ? or * to list all spells.
Okay, then.
Casting: Necrotise (safe; 1% risk of failure)
Confirm with . or Enter, or press ? or * to list all spells.
You can't see any susceptible monsters within range! (Use Z to cast anyway.) Unknown command.
You see here a pink potion.
A - a pink potion The hell rat bites you!
There is a gate leading back out of this place here.
The hell rat bites you!
* * * LOW HITPOINT WARNING * * *
You see here a scroll labelled HYSSUI KUZEW.
z - 2 scrolls labelled HYSSUI KUZEW (gained 1)
The hell rat bites you!
You die...

#########
###~.~∩...###
###~~~~.∩.~~.~#
#.~...#####...~~
##~..###@∩!###~~~
#.†.##.!!r.?~##~.
#...#~~~~~~~~.# ~
#.~.##~~~~~~~##~.
##~.~###~~.###~.~
#.~~.~##'##.~.~~
###.~~~.~.~~.~#
###~.~..~.###
#########


You could see a hell rat.

Vanquished Creatures
  An adder (D:2)
  2 dart slugs (D:1)
  6 ball pythons
  4 endoplasms
  3 giant cockroaches
  2 goblins
  3 hobgoblins
  10 quokkas
  6 bats
  2 frilled lizards
  2 kobolds (D:1)
  8 rats
49 creatures vanquished.

Vanquished Creatures (collateral kills)
  A worm (D:2)
  An endoplasm (D:1)
  A giant cockroach (D:3)
  A goblin (D:3)
  A frilled lizard (D:2)
  2 rats
7 creatures vanquished.

Vanquished Creatures (others)
  2 fungi (D:2)
  A plant (D:2)
3 creatures vanquished.

Grand Total: 59 creatures vanquished

Notes
Turn   | Place    | Note
-------+----------+-------------------------------------------
     0 | D:1      | dolemite99 the Djinni Necromancer began the quest for the
                  | Orb.
     0 | D:1      | dolemite99 set off with the following spells memorised:
                  | Necrotise, Vampiric Draining, Animate Dead, Agony.
     0 | D:1      | Reached XP level 1. HP: 15/15 MP: 0/0
   231 | D:1      | Reached XP level 2. HP: 6/21 MP: 0/0
  1039 | D:1      | Reached XP level 3. HP: 24/25 MP: 0/0
  1039 | D:1      | Learned a level 1 spell: Freeze
  1256 | D:1      | Reached skill level 4 in Spellcasting
  1710 | D:2      | Found Ruzedgh's Armour Shop.
  1719 | D:2      | Bought a +0 buckler for 54 gold pieces
  1788 | D:2      | Found a faded altar of an unknown god.
  2010 | D:2      | Got Plato's Reference Book on Geomancy
  2206 | D:2      | Reached XP level 4. HP: 25/31 MP: 0/0
  2458 | D:3      | Identified the ring of Hovem {rElec rN+ MP-9 Int+6 Slay+6}
  2526 | D:3      | Found a glowing drain.
  2539 | Sewer    | Entered a sewer
  2587 | Sewer    | Mangled by a hell rat

Illustrated notes

Levels and vault maps discovered:
D:1:      scummos_arrival_simple_fountains, layout_basic
D:2:      minmay_chambers_of_twos, layout_basic, serial_shops, shop,
          shapermc_ecumenical_altar_rom_forum
D:3:      layout_rooms, gup_sewer_entry_pipe, uniq_ijyb, uniq_crazy_yiuf_cottage
Sewer:    sewer_hellmonk_bad_rat

Skill      XL: |  1  2  3 |
---------------+----------+-----
Spellcasting   | 4 |  4.5
Dodging        | |  2.1
Stealth        | |  1.5

Action                     |  1- 3 |  4- 6 || total
---------------------------+-------+-------++-------
  Melee: Unarmed           |     6 |       ||     6
         Trident           |     2 |       ||     2
   Cast: Necrotise         |    65 |    21 ||    86
    Use: Scroll            |       |     1 ||     1
 Armour: Robe              |     9 |       ||     9
  Dodge: Dodged            |    32 |     4 ||    36
  Block: Buckler           |       |     3 ||     3

Table legend: (Time is in decaauts)
 A = Elapsed time spent in this place.
 B = Non-inter-level travel time spent in this place.
 C = Inter-level travel time spent in this place.
 D = Time resting spent in this place.
 E = Time spent auto-exploring this place.
 F = Levels seen in this place.
 G = Mean time per level.
                   A        B        C        D        E       F      G
               +--------+--------+--------+--------+--------+-----+--------+
         Total |   2582 |   2496 |     86 |    781 |   1235 |   4 |  645.5 |
       Dungeon |   2535 |   2449 |     86 |    781 |   1235 |   3 |  845.0 |
         Sewer |     47 |     47 |      0 |      0 |      0 |   1 |   47.0 |
               +--------+--------+--------+--------+--------+-----+--------+

Top non-repeatable levels by time:
     D:1: 1335 daAuts
     D:2: 1085 daAuts
     D:3: 114 daAuts
   Sewer: 47 daAuts
